 Dungeon Crawl Stone Soup version 0.27.0-1-g7a089689b8 (webtiles) character file.

Game seed: 14845754165981305758

86 hawla the Sneak (level 4, -1/28 HPs)
             Began as a Deep Elf Delver on Aug 5, 2021.
             Slain by a lemure (7 damage)
             ... led by Pikel
             ... on level 5 of the Dungeon.
             The game lasted 00:02:42 (214 turns).

hawla the Sneak (Deep Elf Delver)                    Turns: 214, Time: 00:02:42

Health: -1/28      AC:  3    Str:  9    XL:     4   Next: 26%
Magic:  15/15      EV: 12    Int: 16    God:
Gold:   0          SH:  0    Dex: 16    Spells: 3/3 levels left

rFire    . . .     SeeInvis .   a - +0 short sword
rCold    . . .     Faith    .   (no shield)
rNeg     . . .     Spirit   .   b - +0 leather armour
rPois    .         Reflect  .   (no helmet)
rElec    .         Harm     .   (no cloak)
rCorr    .         Rampage  .   (no gloves)
Will     .....                  (no boots)
Stlth    +++.......             (no amulet)
HPRegen  0.09/turn              h - ring of magical power
MPRegen  0.14/turn              (no ring)

@: no status effects
A: no striking features
a: no special abilities


You were on level 5 of the Dungeon.
You visited 1 branch of the dungeon, and saw 2 of its levels.

Inventory:

Hand Weapons
 a - a +0 short sword (weapon)
Missiles
 d - 11 poisoned darts (quivered)
Armour
 b - a +0 leather armour (worn)
Jewellery
 h - a ring of magical power (left hand)
Wands
 g - a wand of digging (2)
Scrolls
 c - a scroll of fog
 e - a scroll of fear


   Skills:
 - Level 3.0 Fighting
 - Level 3.0 Short Blades
 - Level 3.0 Dodging
 + Level 6.7 Stealth
 - Level 0.1 Necromancy
 - Level 0.5 Evocations


You had 3 spell levels left.
You didn't know any spells.
Your spell library was empty.

Dungeon Overview and Level Annotations

Branches:
Dungeon (5/15)
 Temple: D:4-7

Altars:
Cheibriados

Annotations:
D:5 Pikel


Message History

Throw: 16 darts (poison)
Press: ? - help, Q - select action Shift-Dir - straight line, f - Pikel
Aim: Pikel, wielding a +2 whip of freezing and wearing a +0 robe (lightly wounded, 53% to hit)
You throw a poisoned dart. The poisoned dart barely misses Pikel.
The poisoned dart hits the lemure.
The lemure is poisoned.
Pikel barely misses you. The lemure closely misses you.
Throw: 15 darts (poison)
Press: ? - help, Q - select action Shift-Dir - straight line, f/p - Pikel
Aim: Pikel, wielding a +2 whip of freezing and wearing a +0 robe (lightly wounded, 53% to hit)
You throw a poisoned dart.
The poisoned dart completely misses Pikel.
The poisoned dart barely misses the lemure.
The poisoned dart hits the lemure.
The lemure is poisoned.
Pikel barely misses you. The lemure closely misses you.
Throw: 14 darts (poison)
Press: ? - help, Q - select action Shift-Dir - straight line, f/p - Pikel
Aim: Pikel, wielding a +2 whip of freezing and wearing a +0 robe (lightly wounded, 53% to hit)
You throw a poisoned dart. The poisoned dart hits Pikel.
Pikel is poisoned.
Pikel is lightly wounded.
Pikel barely misses you. The lemure closely misses you.
Throw: 13 darts (poison)
Press: ? - help, Q - select action Shift-Dir - straight line, f/p - Pikel
Aim: Pikel, wielding a +2 whip of freezing and wearing a +0 robe (lightly wounded, poisoned, 53% to hit)
You throw a poisoned dart. The poisoned dart hits Pikel.
Pikel is lightly wounded.
Pikel hits you with a +2 whip of freezing.
Pikel freezes you.
You aren't carrying any potions.
Throw: 12 darts (poison)
Press: ? - help, Q - select action Shift-Dir - straight line, f/p - Pikel
Aim: Pikel, wielding a +2 whip of freezing and wearing a +0 robe (lightly wounded, poisoned, 53% to hit)
You throw a poisoned dart. The poisoned dart barely misses Pikel.
The poisoned dart barely misses the lemure.
Pikel hits you with a +2 whip of freezing.
Pikel freezes you. The lemure hits you.
* * * LOW HITPOINT WARNING * * *
The lemure hits you!
You die...

*,* #..#.#####.###*
*,* ###..#.# *,,.K,*
*,* #....#.# *,,*#.# #
*,*
#.##.#.####.>##.#####
*,*
#.##............)....
*,*
#.####.####..##.#####
*,* #.#
#.).......,,,,,* *,*
#.#####......#*,***,,
*,***#...@K5(###.#**,*
*** #........55..# #,#
*,* * ############.#
*,* *,* * *.# *,* *,*
* *.# *,* *,* * *.#
*,* *,* * *.# *,* *,*
* *.#**,* *,*****
*,,,,,* *,,,,,,


You could see Pikel (poisoned) and 3 lemures.

Vanquished Creatures
  An ogre (D:5)
  A goblin (D:4)
2 creatures vanquished.

Notes
Turn   | Place    | Note
-------+----------+-------------------------------------------
     0 | D:5      | hawla the Deep Elf Delver began the quest for the Orb.
     0 | D:5      | Reached XP level 1. HP: 13/13 MP: 3/3
   100 | D:5      | Noticed an ogre
   103 | D:5      | Noticed a lemure
   109 | D:5      | Killed an ogre
   110 | D:5      | Reached XP level 2. HP: 19/19 MP: 4/4
   110 | D:5      | Reached XP level 3. HP: 23/23 MP: 5/5
   110 | D:5      | Reached XP level 4. HP: 28/28 MP: 6/6
   165 | D:4      | Found a snail-covered altar of Cheibriados.
   178 | D:5      | Noticed Pikel
   178 | D:5      | Noticed a lemure
   182 | D:5      | Noticed a lemure
   182 | D:5      | Noticed an ogre
   201 | D:5      | Noticed a lemure
   214 | D:5      | Slain by a lemure

Illustrated notes

Levels and vault maps discovered:
D:4:      layout_cave_pools, mainiacjoe_overflow_tiny_flanked,
          lemuel_crystal_altar
D:5:      layout_loops_ring, okawaru_altar_gauntlet_db, uniq_pikel

Skill      XL: |  1 |
---------------+----+-----
Fighting       | 3 |  3.0
Short Blades   | 3 |  3.0
Dodging        | 3 |  3.0
Stealth        | |  6.7
Necromancy     | |  0.1
Evocations     | |  0.5

Action                   |  1- 3 |  4- 6 || total
-------------------------+-------+-------++-------
Melee: Short sword       |     3 |     6 ||     9
Throw: Dart              |       |     5 ||     5
Evoke: Wand              |       |     1 ||     1
  Use: Potion            |       |     2 ||     2
       Scroll            |       |     1 ||     1
 Stab: Sleeping          |     1 |       ||     1
Dodge: Dodged            |     2 |    12 ||    14
